 Dungeon Crawl Stone Soup version 0.30-a0-335-ge5acde7520 (webtiles) character file.

Game seed: 1880255709114046934

7 Powertoast the Trooper (level 2, 17/27 HPs)
             Began as a Hill Orc Fighter on Oct 30, 2022.
             Quit the game on level 1 of the Dungeon.
             The game lasted 00:01:03 (340 turns).

Powertoast the Trooper (Hill Orc Fighter)            Turns: 340, Time: 00:01:04

Health: 17/27      AC:  6    Str: 18    XL:     2   Next: 4%
Magic:  2/2        EV:  9    Int:  8    God:
Gold:   38         SH:  4    Dex: 10    Spells: 1/1 levels left

rFire   . . .      SeeInvis .    a - +0 war axe
rCold   . . .      Faith    .    c - +0 buckler
rNeg    . . .      Spirit   .    b - +0 scale mail
rPois   .          Reflect  .    (no helmet)
rElec   .          Harm     .    (no cloak)
rCorr   .          Rampage  .    (no gloves)
Will    .....                    (no boots)
Stlth   ..........               (no amulet)
HPRegen 0.24/turn                (no ring)
MPRegen 0.08/turn                (no ring)

@: no status effects
A: no striking features
a: no special abilities


You were on level 1 of the Dungeon.
You visited 1 branch of the dungeon, and saw 2 of its levels.

You collected 38 gold pieces.

Inventory:

Hand Weapons
 a - a +0 war axe (weapon)
Armour
 b - a +0 scale mail (worn)
 c - a +0 buckler (worn)
Jewellery
 g - a ring of flight
Scrolls
 h - a scroll of summoning {unknown}
Potions
 d - a potion of might
 e - a potion of degeneration {unknown}
 f - a potion of curing {unknown}


   Skills:
 + Level 3.8 Fighting
 + Level 3.0 Axes
 + Level 3.4 Armour
 + Level 3.4 Shields


You had one spell level left.
You didn't know any spells.
Your spell library was empty.

Dungeon Overview and Level Annotations

Branches:
Dungeon (2/15)

Altars:


Message History

No target in view!
No target in view!
No target in view!
No target in view!
No target in view!
No target in view!
No target in view!
No target in view!
No target in view!
No target in view!
No target in view!
No target in view!
No target in view!
No target in view!
Found 12 gold pieces.
Things that are here:
a +4 short sword; a kobold corpse You see here 5 stones.
You now have 26 gold pieces (gained 11).
You now have 38 gold pieces (gained 12).
f - a coppery potion
g - a ring of flight A rat comes into view.
You see here a scroll labelled POD UHAVYF.
A rat is nearby!
h - a scroll labelled POD UHAVYF
Found a hand axe and a scroll labelled SUKIZXAMNY.
Found 11 gold pieces.
You barely miss the rat. The rat barely misses you.
You slash the rat!
You kill the rat!
A goblin comes into view. It is wielding a +0 club.
The goblin hits you with a +0 club.
You hit the goblin but do no damage. The goblin hits you with a +0 club. x2
You closely miss the goblin. The goblin barely misses you.
You slash the goblin!
You kill the goblin!
Your Axes skill increases to level 3!
You have reached level 2!
Are you sure you want to abandon this character and quit the game? (Confirm with "yes".)

# #$.# # # #..#
######## #.#..#
###....... .)#..##
#......... ....##
#..^..(..† #....#
#......)..
#.)#.#####......###
#.@#....##......#
#...............###
#...###............
##...#.............
........##.........
?........##.........
...........##.........
...........##.........
...........##.........


There were no monsters in sight!

Vanquished Creatures
  A goblin (D:1)
  2 kobolds
  A quokka (D:1)
  A bat (D:1)
  A frilled lizard (D:2)
  2 rats (D:1)
8 creatures vanquished.

Notes
Turn   | Place    | Note
-------+----------+-------------------------------------------
     0 | D:1      | Powertoast the Hill Orc Fighter began the quest for the
                  | Orb.
     0 | D:1      | Reached XP level 1. HP: 19/19 MP: 1/1
   340 | D:1      | Reached XP level 2. HP: 17/27 MP: 2/2
   340 | D:1      | Quit the game

Illustrated notes

Levels and vault maps discovered:
D:1:      dpeg_arrival_water_fire, layout_basic, minmay_hedge_maze,
          corexii_hall_statues_x, columned_hall_lemuel, chequers_avenue,
          minmay_fountain_box
D:2:      layout_rooms, due_unseen_surprise

Skill      XL: |  1 |
---------------+----+-----
Axes           | 3 |  3.0
Fighting       | |  3.8
Armour         | |  3.4
Shields        | |  3.4

Action                   || total
-------------------------++-------
Melee: War axe           ||    23
Armor: Scale mail        ||    10
Dodge: Dodged            ||    20
Block: Buckler           ||    10

Table legend: (Time is in decaauts)
 A = Elapsed time spent in this place.
 B = Non-inter-level travel time spent in this place.
 C = Inter-level travel time spent in this place.
 D = Time resting spent in this place.
 E = Time spent auto-exploring this place.
 F = Levels seen in this place.
 G = Mean time per level.
                   A        B        C        D        E       F      G
               +--------+--------+--------+--------+--------+-----+--------+
         Total |    348 |    332 |     16 |      0 |    263 |   2 |  174.0 |
       Dungeon |    348 |    332 |     16 |      0 |    263 |   2 |  174.0 |
               +--------+--------+--------+--------+--------+-----+--------+

Top non-repeatable levels by time:
     D:1: 338 daAuts
     D:2: 9 daAuts
